 Dungeon Crawl Stone Soup version 0.27-a0-978-g2aa4ecdaef (webtiles) character file.

Game seed: 359081578274870716

57 1player the Cutter (level 3, 0/29 HPs)
             Began as a Demigod Gladiator on Apr 14, 2021.
             Slain by a goblin
             ... wielding a +0 dagger
             ... led by Robin
              (5 damage)
             ... on level 2 of the Dungeon.
             The game lasted 00:05:36 (1564 turns).

1player the Cutter (Demigod Gladiator)              Turns: 1564, Time: 00:05:37

Health: 0/29       AC:  4    Str: 15    XL:     3   Next: 50%
Magic:  5/5        EV: 12    Int: 10    God:
Gold:   45         SH:  0    Dex: 19    Spells: 2/2 levels left

rFire    . . .     SeeInvis .   a - +0 rapier
rCold    . . .     Faith    .   (no shield)
rNeg     . . .     Spirit   .   k - +0 leather armour
rPois    .         Reflect  .   c - +0 helmet
rElec    .         Harm     .   (no cloak)
rCorr    .         Rampage  .   (no gloves)
Will     .....                  (no boots)
Stlth    ++........             e - amulet of magic regeneration
HPRegen  0.09/turn              (no ring)
MPRegen  0.34/turn              (no ring)

@: no status effects
A: high mp 1, forlorn
a: no special abilities


You were on level 2 of the Dungeon.
You visited 1 branch of the dungeon, and saw 2 of its levels.

You collected 45 gold pieces.

Inventory:

Hand Weapons
 a - a +0 rapier (weapon)
 b - a +0 hunting sling
Missiles
 d - 2 throwing nets (quivered)
 l - 24 sling bullets
Armour
 c - a +0 helmet (worn)
 k - a +0 leather armour (worn)
Jewellery
 e - an amulet of magic regeneration (around neck)
 m - a ring of flight
Scrolls
 g - a scroll of identify {unknown}
 h - a scroll of brand weapon {unknown}
 i - a scroll of enchant weapon {unknown}
Potions
 f - a potion of might {unknown}
 j - a potion of heal wounds {unknown}


   Skills:
 - Level 1.7 Fighting
 * Level 3.7 Short Blades
 - Level 1.7 Throwing
 - Level 2.6 Dodging
 + Level 2.1 Stealth


You had 2 spell levels left.
You didn't know any spells.
Your spell library was empty.

Dungeon Overview and Level Annotations

Branches:
Dungeon (2/15)

Annotations:
D:2 Jessica, Robin


Innate Abilities, Weirdness & Mutations

Your attributes grow dramatically as you level up.
You have an increased reservoir of magic. (+10% MP)
You shall have no god before yourself.


Message History

You closely miss the hobgoblin.
The hobgoblin is heavily wounded.
The hobgoblin hits you but does no damage.
You puncture the hobgoblin!
You kill the hobgoblin!
You closely miss the goblin. The goblin barely misses you.
You closely miss the goblin. The goblin closely misses you.
You closely miss the goblin. The goblin barely misses you.
You hit the goblin but do no damage. The goblin hits you with a +0 club.
You hit the goblin.
You kill the goblin!
You hit the goblin.
The goblin is moderately wounded.
The goblin closely misses you.
You hit the goblin.
You kill the goblin!
You hit the orc.
The orc is moderately wounded.
The orc hits you with a +0 mace.
Robin roars a battlecry!
The goblin goes into a battle-frenzy!
You hear a shout! x2
You hit the orc.
The orc is heavily wounded.
The orc hits you with a +0 mace.
You closely miss the orc.
The orc is heavily wounded.
The orc hits you with a +0 mace.
You hit the orc.
The orc is heavily wounded.
The orc hits you with a +0 mace.
* * * LOW HITPOINT WARNING * * *
Robin roars a battlecry!
The orc completely misses you.
You hear a shout!
You hear a bark!
Robin throws the goblin at you! The goblin hits you with a +0 dagger.
* * * LOW HITPOINT WARNING * * *
You closely miss the goblin. The goblin hits you with a +0 dagger.
You die...

.....#
#.........
.....#
#......#..
.....#
#....### '
.....#
#....#
.....#
####.#
.....# #.#.g
..# ######
#†#.g ..#
#g#g.# #..#
#@#gg[##...#
#o# g......#
#.# ......
#g####g'#
#...gggw#
#########


You could see Robin, an orc and a goblin (strong).

Vanquished Creatures
  2 adders (D:2)
  A dart slug (D:2)
  4 ball pythons (D:1)
  An endoplasm (D:1)
  3 giant cockroaches
  8 goblins
  4 hobgoblins
  2 kobolds (D:1)
  A quokka (D:1)
  3 bats
  4 frilled lizards (D:1)
  2 rats (D:1)
35 creatures vanquished.

Vanquished Creatures (others)
  6 plants (D:2)
6 creatures vanquished.

Grand Total: 41 creatures vanquished

Notes
Turn   | Place    | Note
-------+----------+-------------------------------------------
     0 | D:1      | 1player the Demigod Gladiator began the quest for the Orb.
     0 | D:1      | Reached XP level 1. HP: 17/17 MP: 3/3
    74 | D:1      | Reached skill level 1 in Stealth
   435 | D:1      | Reached XP level 2. HP: 24/24 MP: 4/4
   505 | D:1      | Reached skill level 3 in Short Blades
  1159 | D:1      | Reached XP level 3. HP: 25/29 MP: 5/5
  1508 | D:2      | Noticed Robin
  1522 | D:2      | Noticed Jessica
  1564 | D:2      | Slain by a goblin

Illustrated notes

Levels and vault maps discovered:
D:1:      lordsloth_arrival_two_stooges, layout_basic
D:2:      minmay_diamond_boxcup, layout_rooms,
          shapermc_ecumenical_altar_mp_highgroup, serial_bayou_ford_a,
          kennysheep_generic_room_7, uniq_robin, uniq_jessica

Skill      XL: |  1  2  3 |
---------------+----------+-----
Stealth        | 1 2 |  2.1
Short Blades   | 3 |  3.7
Fighting       | |  1.7
Throwing       | |  1.7
Dodging        | |  2.6

Action                   || total
-------------------------++-------
Melee: Rapier            ||   101
 Fire: Hunting sling     ||     7
Throw: Throwing net      ||     2
 Stab: Sleeping          ||     2
Armor: Leather armour    ||    30
Dodge: Dodged            ||    53

Table legend: (Time is in decaauts)
 A = Elapsed time spent in this place.
 B = Non-inter-level travel time spent in this place.
 C = Inter-level travel time spent in this place.
 D = Time resting spent in this place.
 E = Time spent auto-exploring this place.
 F = Levels seen in this place.
 G = Mean time per level.
                   A        B        C        D        E       F      G
               +--------+--------+--------+--------+--------+-----+--------+
         Total |   1566 |   1414 |    152 |    444 |    487 |   2 |  783.0 |
       Dungeon |   1566 |   1414 |    152 |    444 |    487 |   2 |  783.0 |
               +--------+--------+--------+--------+--------+-----+--------+

Top non-repeatable levels by time:
     D:1: 1238 daAuts
     D:2: 327 daAuts
